 Dungeon Crawl Stone Soup version 0.31-a0-188-g5e087ee2ca (webtiles) character file.

Game seed: 17197671449775572725

41 qw the Shooter (level 3, 0/20 HPs)
             Began as a Deep Elf Hunter on June 22, 2023.
             Succumbed to their own poison gas
             ... on level 2 of the Dungeon.
             The game lasted 00:00:22 (1107 turns).

qw the Shooter (Deep Elf Hunter)                    Turns: 1107, Time: 00:00:23

Health: 0/20       AC:  4    Str: 10    XL:     3   Next: 32%
Magic:  5/5        EV: 12    Int: 13    God:
Gold:   109        SH:  0    Dex: 18    Spells: 2/2 levels left

rFire   . . .        Y - +0 shortbow
rCold   . . .        (shield currently unavailable)
rNeg    . . .        c - +0 leather armour
rPois   .            (no helmet)
rElec   .            (no cloak)
rCorr   .            d - +0 pair of gloves
SInv    .            (no boots)
Will    +....        (no amulet)
Stlth   ++           (no ring)
HPRegen 0.23/turn    (no ring)
MPRegen 0.09/turn

%: no passive effects
@: lethally poisoned (0 -> -1), enlightened, flying
A: no striking features
a: no special abilities


You were on level 2 of the Dungeon.
You visited 1 branch of the dungeon, and saw 2 of its levels.

You collected 166 gold pieces.
You spent 57 gold pieces at shops.


   Skills:
 - Level 1.5 Fighting
 + Level 6.9 Ranged Weapons
 - Level 2.4 Dodging
 - Level 1.2 Stealth


You had 2 spell levels left.
You didn't know any spells.
Your spell library was empty.

Inventory:

Hand Weapons
 Y - a +0 shortbow (weapon)
Armour
 c - a +0 leather armour (worn)
 d - a +0 pair of gloves (worn)
Scrolls
 a - a scroll of identify
Potions
 b - a potion of cancellation
 e - a potion of enlightenment
 f - a potion of curing {unknown}
 g - a potion of attraction {unknown}

Dungeon Overview and Level Annotations

Branches:
Dungeon (2/15)

Altars:
Yredelemnul

Shops:
D:2 [*


Message History

You feel very buoyant.
You fly up into the air.
1097 ||| READING 2 scrolls of identify.
As you read the scroll of identify, it crumbles to dust.
b - a potion of cancellation;
1097 ||| IDENTIFYING coppery potion
(D) Dungeon
Where to? (* - list waypoints, Enter - D:2, ? - help)
What level of the Dungeon? (default 1, ? - help) Sorry, I don't know how to get there.
Enter note:
Enter note:
Enter note:
Enter note:
Enter note:
Enter note:
Enter note:
Enter note: Really fly into that cloud of poison gas?
You are engulfed in poison gas.
You are lethally poisoned!
You feel very sick.
1099 ||| Stepping ~*~*~tactically~*~*~ (cloud).
You feel very sick.
You see here a ring of wizardry.
There is a lethal amount of poison in your body!
You feel very sick.
There is a lethal amount of poison in your body!
You feel sick.
There is a lethal amount of poison in your body!
You feel sick.
There is a lethal amount of poison in your body!
You feel sick.
There is a lethal amount of poison in your body!
You feel sick.
There is a lethal amount of poison in your body!
You feel sick.
There is a lethal amount of poison in your body!
You feel sick.
There is a lethal amount of poison in your body!
You die...

...##...# #..###.##
#..##...## #(.#..#.)#
#..##...##
#.##.#.#.## #######
.##.......# #¤..00#
..###.#.### #00.0¤#
.##.......#####.@000#
##.#.#.#.#[#000#¤####
##....)....#00.#0#
######.#####0....#
.#.###.# #.¤..(###
.......# #..<..#
##..######.....#
#...#####......#
#...##?.......##


There were no monsters in sight!

Vanquished Creatures
  2 adders (D:2)
  A dart slug (D:2)
  3 endoplasms
  A giant cockroach (D:2)
  A goblin (D:2)
  2 hobgoblins
  A kobold (D:2)
  4 ball pythons
  4 bats
  A frilled lizard (D:2)
  A rat (D:1)
21 creatures vanquished.

Notes
Turn   | Place    | Note
-------+----------+-------------------------------------------
     0 | D:1      | qw the Deep Elf Hunter began the quest for the Orb.
     0 | D:1      | Reached XP level 1. HP: 12/12 MP: 3/3
     0 | D:1      | 0 ||| qw: Version: 0.3-a-9-g12657ce
     0 | D:1      | 0 ||| qw: Game counter: 2987
     0 | D:1      | 0 ||| qw: Always use a shield: true
     0 | D:1      | 0 ||| qw: God list: Okawaru
     0 | D:1      | 0 ||| qw: Allow faded altars: false
     0 | D:1      | 0 ||| qw: Do Orc after D:15 true
     0 | D:1      | 0 ||| qw: Do second Lair branch before Depths: true
     0 | D:1      | 0 ||| qw: Lair rune preference: random
     0 | D:1      | 0 ||| qw: Plans: Normal
     0 | D:1      | 0 ||| PLANNING D:1-11
   304 | D:1      | Reached XP level 2. HP: 16/16 MP: 4/4
   308 | D:1      | Reached skill level 6 in Ranged Weapons
   531 | D:1      | 531 ||| UPGRADING to +0 pair of gloves.
   536 | D:1      | 536 ||| DROPPING ring of magical power.
   537 | D:1      | 537 ||| READING 2 scrolls labelled LAIGUA JIOR.
   538 | D:1      | 538 ||| DROPPING scroll of butterflies.
   625 | D:2      | Found Plog's Antique Armour Emporium.
   639 | D:2      | 639 ||| SHOPLISTING pair of boots (117 gold, have 86).
   639 | D:2      | 639 ||| SHOPLISTING runed helmet (195 gold, have 86).
   639 | D:2      | 639 ||| SHOPLISTING scale mail (104 gold, have 86).
   717 | D:2      | Found Lioheomp's Assorted Antiques.
   730 | D:2      | 730 ||| SHOPLISTING fine scale mail (189 gold, have 86).
   730 | D:2      | 730 ||| SHOPLISTING glowing ring mail (147 gold, have 86).
   730 | D:2      | 730 ||| BUYING metallic yellow potion (18 gold).
   730 | D:2      | Bought a metallic yellow potion for 18 gold pieces
   730 | D:2      | 730 ||| BUYING puce potion (18 gold).
   730 | D:2      | Bought a puce potion for 18 gold pieces
   730 | D:2      | 730 ||| BUYING scroll labelled YMURIG QITU (21 gold).
   730 | D:2      | Bought a scroll labelled YMURIG QITU for 21 gold pieces
   730 | D:2      | 730 ||| SHOPLISTING shiny helmet (157 gold, have 29).
   819 | D:2      | Found a basalt altar of Yredelemnul.
   943 | D:2      | HP: 4/16 [adder (2)]
   945 | D:2      | Reached XP level 3. HP: 4/20 MP: 5/5
  1043 | D:2      | Identified the +9 short sword of Arrival {freeze, *Noise
                  | Int+6 Dex+8}
  1094 | D:2      | 1094 ||| DROPPING ring of wizardry.
  1095 | D:2      | 1095 ||| READING scroll labelled YMURIG QITU.
  1096 | D:2      | 1096 ||| DRINKING 2 metallic yellow potions.
  1097 | D:2      | 1097 ||| READING 2 scrolls of identify.
  1097 | D:2      | 1097 ||| IDENTIFYING coppery potion
  1099 | D:2      | 1099 ||| Stepping ~*~*~tactically~*~*~ (cloud).
  1102 | D:2      | HP: 5/20 [poisoned by you (poison gas)]
  1105 | D:2      | HP: 2/20 [poisoned by you (poison gas)]
  1107 | D:2      | Succumbed to their own poison gas

Levels and vault maps discovered:
D:1:      heliophobic_arrival_henge, layout_basic
D:2:      minmay_spotlight, layout_rooms, serial_glass, glass_columns_a,
          glass_columns_b, glass_columns_c, glass_columns_a, glass_columns_b,
          glass_columns_a, glass_columns_b, glass_columns_b,
          minmay_strange_pillars, serial_shops, shop, shop, basic_altar

Skill      XL: |  1  2 |
---------------+-------+-----
Ranged Weapons | 6 |  6.9
Fighting       | |  1.5
Dodging        | |  2.4
Stealth        | |  1.2

Action                     || total
---------------------------++-------
   Fire: Shortbow          ||    61
    Use: Scroll            ||     3
         Potion            ||     1
 Armour: Leather armour    ||     8
  Dodge: Dodged            ||    18

Table legend:
 A = Non-vault XP
 B = Vault XP
 C = Vault XP percentage of total XP
 D = Non-vault monster count
 E = Vault monster count
 F = Vault count percentage of total count
                 A         B        C        D         E       F
            +---------+---------+-------+---------+---------+-------
      Total |      40 |      19 |  32.2 |      17 |       4 |  19.0
            +---------+---------+-------+---------+---------+-------
        D:1 |      14 |       0 |   0.0 |      10 |       0 |   0.0
        D:2 |      26 |      19 |  42.2 |       7 |       4 |  36.4
            +---------+---------+-------+---------+---------+-------
